 Dungeon Crawl Stone Soup version 0.32-a0-705-g60f233581c (webtiles) character file.

Game seed: 4626042105825873036

80 porpoise the Caller (level 4, -1/30 HPs)
             Began as a Barachi Summoner on Mar 15, 2024.
             Slain by an orc
             ... wielding a +0 flail
              (3 damage)
             ... on level 3 of the Dungeon.
             The game lasted 00:06:38 (2472 turns).

porpoise the Caller (Barachi Summoner)              Turns: 2472, Time: 00:06:38

Health: -1/30      AC:  2    Str: 10    XL:     4   Next: 39%
Magic:  3/8        EV: 11    Int: 17    God:
Gold:   98         SH:  0    Dex: 12    Spells: 3/9 levels left

rFire   . . .        a - +0 spear
rCold   . . .        (no shield)
rNeg    . . .        e - +0 robe
rPois   .            (no helmet)
rElec   .            (no cloak)
rCorr   .            (no gloves)
SInv    .            (no boots)
Will    .....        (no amulet)
Stlth   ++           (no ring)
HPRegen 0.25/turn    (no ring)
MPRegen 0.11/turn

%: no passive effects
@: brilliant, inugami summoned, slow
A: amphibious, slowness 1, strong legs 1, +LOS
a: Hop


You were on level 3 of the Dungeon.
You visited 1 branch of the dungeon, and saw 4 of its levels.

You collected 98 gold pieces.

Inventory:

Hand Weapons
 a - a +0 spear (weapon)
 j - a +0 short sword
Missiles
 d - 4 boomerangs
 o - 4 poisoned darts
Armour
 e - a +0 robe (worn)
Scrolls
 c - a scroll of revelation {unknown}
 f - a scroll of identify {unknown}
 i - a scroll of brand weapon {unknown}
 l - a scroll of blinking {unknown}
 m - a scroll of noise {unknown}
 p - a scroll of enchant armour {unknown}
 q - a scroll of poison {unknown}
Potions
 b - a potion of magic
 g - a potion of degeneration {unknown}
 h - 2 potions of brilliance
 k - a potion of haste {unknown}
 n - a potion of enlightenment {unknown}


   Skills:
 - Level 2.1 Dodging
 + Level 3.0 Stealth
 + Level 3.1 Spellcasting
 + Level 5.5 Summonings


You had 3 spell levels left.
You knew the following spells:

 Your Spells              Type           Power      Damage    Failure   Level
a - Summon Small Mammal   Summ           100%       N/A       1%          1
b - Call Imp              Summ           64%        N/A       2%          2
c - Call Canine Familiar  Summ           32%        N/A       5%          3

Your spell library contained the following spells:

 Spells                   Type           Power      Damage    Failure   Level
 Apportation              Tloc           8%         N/A       17%         1
 Shock                    Conj/Air       16%        1d4       17%         1
 Jinxbite                 Hex            8%         N/A       26%         2
 Swiftness                Air            4%         N/A       45%         3
 Summon Blazeheart Golem  Fire/Summ      18%        N/A       47%         4
 Summon Lightning Spire   Summ/Air       18%        N/A       47%         4
 Airstrike                Air            2%         2d(1-17)  86%         4
 Alistair's Intoxication  Alch           2%         N/A       99%         5


Dungeon Overview and Level Annotations

Branches:
Dungeon (4/15)
 Temple: D:4-7

Altars:
Dithmenos


Innate Abilities, Weirdness & Mutations

You are amphibious.
You cover ground slowly.
You can hop short distances.
You have an extended range of vision and can be seen from far away.


Message History

The orc priest is almost dead.
The orc priest misses you.
Your cerulean imp barely misses the orc priest.
You hit the orc priest.
You kill the orc priest!
Your Stealth skill increases to level 3!
Your Spellcasting skill increases to level 3!
You have reached level 4!
You feel stronger.
You start resting.
Magic restored.
You start resting.
Your cerulean imp disappears in a puff of smoke!
HP restored.
You climb downwards.
The orc hits you with a +0 flail.
The orc wizard gestures at you while chanting.
The puff of flame hits you! The orc barely misses you.
The orc hits you with a +0 hand axe.
There is a stone staircase leading up here.
The orc barely misses you. x2; The orc hits you but does no damage.
You climb upwards.
There is a stone staircase leading down, spattered with blood here.
Casting: Call Imp (safe; 2% risk of failure)
Confirm with . or Enter, or press ? or * to list all spells.
A tiny devil pulls itself out of the air.
The orc hits you with a +0 flail. The orc hits you with a +0 hand axe.
* * * LOW HITPOINT WARNING * * *
The orc barely misses you.
Casting: Call Imp (safe; 2% risk of failure)
Confirm with . or Enter, or press ? or * to list all spells.
You call for your canine familiar and it appears with a howl!
The orc hits you with a +0 flail.
* * * LOW HITPOINT WARNING * * *
The orc misses you. x2
The orc hits your inugami but does no damage.
Your cerulean imp closely misses the orc.
It was a potion of brilliance.
You feel clever all of a sudden. The orc hits you with a +0 flail.
You die...

###### #....# #.##+#####
#.#......#############
#.'......##..........#
#####'......##..........#
#.......######..........#
#.......######..........##
#.......#@o.##..........#.
#.......#oo###..........#.
#........h.5##..........#.
#.....)##.#.##..........#.
#......##.#..#..........#.
#......##.##.#####+#......
#####...#.##.#####.#######
#.......#.##..............
#.......#.......####.....#


You could see 3 orcs, a friendly cerulean imp (summoned) and a friendly inugami
(summoned).

Vanquished Creatures
  An orc priest (D:3)
  An adder (D:2)
  A dart slug (D:3)
  A bat (D:1)
  2 giant cockroaches
  A goblin (D:3)
  A jackal (D:1)
  A kobold (D:1)
  A quokka (D:1)
  A rat (D:3)
11 creatures vanquished.

Vanquished Creatures (collateral kills)
  An adder (D:2)
  A dart slug (D:2)
  A ball python (D:1)
  4 endoplasms
  A giant cockroach (D:3)
  A hobgoblin (D:1)
  A jackal (D:1)
  2 quokkas (D:1)
  3 kobolds
15 creatures vanquished.

Grand Total: 26 creatures vanquished

Notes
Turn   | Place    | Note
-------+----------+-------------------------------------------
     0 | D:1      | porpoise the Barachi Summoner began the quest for the Orb.
     0 | D:1      | Reached XP level 1. HP: 13/13 MP: 3/3
   238 | D:1      | Reached skill level 5 in Summonings
   250 | D:1      | Reached XP level 2. HP: 11/19 MP: 3/5
   285 | D:1      | Learned a level 2 spell: Call Imp
  1176 | D:2      | Reached XP level 3. HP: 12/24 MP: 4/7
  1910 | D:3      | Found a shadowy altar of Dithmenos.
  2147 | D:3      | Learned a level 3 spell: Call Canine Familiar
  2391 | D:3      | Reached XP level 4. HP: 11/30 MP: 6/8
  2471 | D:3      | HP: 1/30 [orc/+0 flail (5)]
  2472 | D:3      | Slain by an orc

Illustrated notes

Levels and vault maps discovered:
D:1:      dpeg_arrival_rhombus, layout_basic
D:2:      layout_loops_ring
D:3:      kennysheep_big_flooded_room, layout_basic, lemuel_doored_altar,
          dk_noncrumbling_3
D:4:      minmay_general_purpose_star, layout_cave_pods, lemuel_tele_altar,
          nicolae_ru_the_path_less_chosen, minmay_temple_entry_large_hall,
          grunt_decor_cap

Skill      XL: |  1  2  3 |
---------------+----------+-----
Stealth        | 2 3 |  3.0
Summonings     | 5 |  5.5
Spellcasting   | 3 |  3.1
Dodging        | |  2.1

Action                     |  1- 3 |  4- 6 || total
---------------------------+-------+-------++-------
  Melee: Unarmed           |    16 |       ||    16
         Short sword       |    18 |       ||    18
         Spear             |    37 |       ||    37
   Cast: Summon Small Mamm |    25 |       ||    25
         Call Imp          |     7 |     1 ||     8
         Call Canine Famil |       |     1 ||     1
    Use: Potion            |       |     1 ||     1
   Stab: Distracted        |     3 |       ||     3
         Sleeping          |     1 |       ||     1
 Armour: Robe              |    43 |     8 ||    51
  Dodge: Dodged            |    33 |     6 ||    39

Table legend: (Time is in decaauts)
 A = Elapsed time spent in this place.
 B = Non-inter-level travel time spent in this place.
 C = Inter-level travel time spent in this place.
 D = Time resting spent in this place.
 E = Time spent auto-exploring this place.
 F = Levels seen in this place.
 G = Mean time per level.
                   A        B        C        D        E       F      G
               +--------+--------+--------+--------+--------+-----+--------+
         Total |   2755 |   2675 |     80 |    805 |   1575 |   4 |  688.8 |
       Dungeon |   2755 |   2675 |     80 |    805 |   1575 |   4 |  688.8 |
               +--------+--------+--------+--------+--------+-----+--------+

Top non-repeatable levels by time:
     D:2: 1028 daAuts
     D:1: 891 daAuts
     D:3: 831 daAuts
     D:4: 4 daAuts
